Description

-

Replay - DPGPartinG v TYTY: Game 2 - Eternal Empire LE

Build Order

Get SALT Encoding   

  12  0:00  Probe  
  13  0:12  Probe  
  14  0:18  Pylon  
  14  0:24  Probe  
  15  0:32  Probe  
  15  0:37  Gateway  
  15  0:40  Probe  
  16  0:47  Assimilator  
  17  0:51  Probe  
  18  1:03  Probe  
  19  1:15  Probe  
  20  1:24  Cybernetics Core  
  20  1:33  Nexus  
  20  1:39  Pylon  
  20  1:43  Probe  
  21  1:50  Assimilator, Adept  
  21  1:56  Probe  
  24  2:03  Shield Battery  
  24  2:07  Warp Gate  
  24  2:10  Stalker  
  28  2:34  Twilight Council  
  29  2:41  Pylon  
  33  3:17  Gateway, Dark Shrine  
  33  3:24  Robotics Facility  
  33  3:29  Shield Battery  
  35  3:42  Assimilator  
  39  3:56  Stalker  
  39  3:59  Assimilator  
  39  4:02  Warp Prism  
  43  4:07  Pylon  
  47  4:27  Blink  
  47  4:31  Dark Templar x2  
  53  4:40  Observer  
  53  4:45  Pylon  
  57  4:59  Robotics Bay  
  57  5:05  Observer  
  58  5:09  Gateway x2  
  60  5:24  Sentry x2  
  66  5:38  Nexus  
  66  5:39  Colossus  
  66  5:40  Shield Battery  
  66  5:47  Extended Thermal Lance  
  74  6:01  Observer, Stalker  
  76  6:08  Stalker x2  
  80  6:17  Stalker  
  82  6:19  Charge  
  82  6:20  Shield Battery  
  84  6:29  Gateway x2  
  84  6:44  Stalker x3  
  82  6:50  Dark Templar  
  82  6:53  Colossus, Shield Battery  
  91  7:10  Observer  
  91  7:12  Stalker  
  98  7:16  Forge  
  98  7:22  Forge  
  94  7:29  Zealot, Sentry x2  
  100  7:39  Gateway x2  
  100  7:48  Gateway x2  
  100  7:49  Warp Prism  
  100  7:50  Protoss Ground Weapons Level 1  
  100  7:51  Protoss Ground Armor Level 1  
  100  7:55  Dark Templar x2  
  104  8:03  Archon  
  106  8:07  Zealot x3  
  112  8:28  Zealot x2  
  122  8:37  Zealot x2  
  126  8:43  Zealot, Dark Templar  
  126  8:47  Nexus  
  130  8:54  Dark Templar  
  132  8:55  Zealot  
  146  9:15  Observer  
  147  9:19  Assimilator x2  
  81  9:57  Templar Archives  
Spawning Tool Build Advisor. Get it on Overwolf

Analysis

-

Go to:

Details

  • Created by: diecesar
  • Published on: Aug 04, 2020
  • Modified on: Aug 04, 2020
  • Patch: 4.11.0
  • Difficulty: Hard
Show
View Real Time Build Order
Export as new Build Order

Comments (0)

There are no comments. Be the first!

Create an account to comment!